 Dungeon Crawl Stone Soup version 0.16.0-17-g811c1d7 (console) character file.

58 gw the Grave Robber (level 3, 11/26 HPs)
             Began as a Vampire Necromancer on Mar 20, 2015.
             Quit the game on level 2 of the Dungeon.
             The game lasted 00:04:18 (1899 turns).

gw the Grave Robber (Vampire Necromancer)           Turns: 1899, Time: 00:04:18

Health: 11/26      AC:  8    Str:  7    XL:     3   Next: 75%
Magic:  0/6        EV: 12    Int: 18    God:
Gold:   104        SH:  0    Dex: 14    Spells: 3 memorised, 2 levels left

rFire  . . .     SeeInvis +     b - +3 dagger
rCold  . . .     Clarity  +     k - +0 leather armour
rNeg   . . .     SustAb   .     (no shield)
rPois  .         Gourm    .     (no helmet)
rElec  .         Spirit   .     (no cloak)
rCorr  .         Warding  .     n - +0 pair of gloves
rMut   .         Stasis   .     (no boots)
MR     .....                    a - amulet of clarity
Stlth  ++........               (no ring)
                                l - +4 ring of protection

@: mildly poisoned (11 -> 10), regenerating quickly, not resistant to hostile
enchantments, unstealthy
A: bottle blood, fangs 3, see invisible, unbreathing
a: no special abilities


You were on level 2 of the Dungeon.
You were full.

You visited 1 branch of the dungeon, and saw 2 of its levels.

You collected 104 gold pieces.

Inventory:

Hand weapons
 b - a +3 dagger (weapon)
Missiles
 g - 21 poisoned needles
 p - 3 silver javelins (quivered)
Armour
 k - a +0 leather armour (worn)
 n - a +0 pair of gloves (worn)
Jewellery
 a - an amulet of clarity (around neck)
 l - a +4 ring of protection (left hand)
Scrolls
 j - 4 scrolls of remove curse
 m - a scroll of magic mapping
 q - a scroll of amnesia {unknown}
Potions
 c - a potion of blood
 e - a potion of resistance {unknown}
 h - a potion of magic {unknown}
 i - a potion of curing
 o - a potion of cure mutation {unknown}
Books
 f - a book of Necromancy

   Spells                             Type                      Level
   a - Pain                           Necromancy                   1
   b - Animate Skeleton               Necromancy                   1
   c - Vampiric Draining              Necromancy                   3
   d - Regeneration                   Charms/Necromancy            3
   e - Animate Dead                   Necromancy                   4
   f - Control Undead                 Necromancy                   4
Comestibles
 d - 2 chunks of flesh {inedible}


   Skills:
 + Level 1.2 Fighting
 + Level 1.2 Short Blades
 + Level 1.0 Armour
 - Level 2.1 Dodging
 - Level 3.0 Stealth
 * Level 2.6 Spellcasting
 + Level 4.6 Necromancy


You had 2 spell levels left.
You knew the following spells:

 Your Spells              Type           Power        Failure   Level  Hunger
a - Pain                  Necr           ###.         4%          1    #......
b - Animate Skeleton      Necr           N/A          4%          1    #......
c - Vampiric Draining     Necr           ###.......   14%         3    ###....


Dungeon Overview and Level Annotations

Branches:
Dungeon (2/15)

Altars:
Sif Muna
Trog


Innate Abilities, Weirdness & Mutations

Your natural rate of healing is unusually fast.
You can bottle blood from corpses.
You have razor-sharp teeth.
You have supernaturally acute eyesight.
You can survive without breathing.


Message History

There's nothing here to drain!
Unknown command.
Unknown command.
Unknown command.
There's nothing here to drain!
There's nothing here to drain!
Unknown command.
Unknown command.
Unknown command.
There's nothing here to drain!
There's nothing here to drain!
Unknown command.
Unknown command.
Unknown command.
There's nothing here to drain!
There's nothing here to drain!
Unknown command.
Unknown command.
Unknown command.
Are you sure you want to abandon this character and quit the game? (Confirm with "yes".)

#.##########.......#
.........#..####.#
#.#....#.#...###.# #
#.#............#.###
#.#.#....#.#...#......
#.......##.#..####.###
###........#.......#
#.######.##############
#.......V# ##########


There were no monsters in sight!

Table legend:
 A = Turns spent in this place as a percentage of turns spent in the entire game.
 B = Non-inter-level travel turns spent in this place as a percentage of non-inter-level travel turns spent in the entire game.
 C = Inter-level travel turns spent in this place as a percentage of turns spent in this place.
 D = Turns resting spent in this place as a percentage of non-inter-level travel turns spent in this place.
 E = Turns spent auto-exploring this place as a percentage of non-inter-level travel turns spent in this place.
 F = Non-inter-level travel turns spent in this place divided by the number of levels of this place that you've seen.
                   A       B       C       D       E      F
               +-------+-------+-------+-------+-------+----------------------
         Total | 100.0 | 100.0 |   0.4 |   1.2 |   1.3 | 3037.5
       Dungeon | 100.0 | 100.0 |   0.4 |   1.2 |   1.3 | 3037.5
               +-------+-------+-------+-------+-------+----------------------

Table legend:
 A = Kills in this place as a percentage of kills in entire the game.
 B = Kills by you in this place as a percentage of kills by you in the entire game.
 C = Kills by friends in this place as a percentage of kills by friends in the entire game.
 D = Other kills in this place as a percentage of other kills in the entire game.
 E = Experience gained in this place as a percentage of experience gained in the entire game.
 F = Experience gained in this place divided by the number of levels of this place that you have seen.
                   A       B       C       D       E      F
               +-------+-------+-------+-------+-------+----------------------
         Total | 100.0 | 100.0 |  -nan |  -nan | 100.0 |  41.5
       Dungeon | 100.0 | 100.0 |  -nan |  -nan | 100.0 |  41.5
               +-------+-------+-------+-------+-------+----------------------

Vanquished Creatures
  2 adders (D:2)
  A worm (D:2)
  3 bats
  A giant cockroach (D:2)
  4 goblins (D:1)
  6 hobgoblins
  3 jackals (D:1)
  A giant newt (D:2)
  3 kobolds
  9 rats
33 creatures vanquished.

Vanquished Creatures (others)
  An adder skeleton (D:2)
  A hobgoblin skeleton (D:2)
2 creatures vanquished.

Grand Total: 35 creatures vanquished

Notes
Turn   | Place    | Note
--------------------------------------------------------------
     0 | D:1      | gw, the Vampire Necromancer, began the quest for the Orb.
     0 | D:1      | Reached XP level 1. HP: 13/13 MP: 3/3
     2 | D:1      | Learned a level 1 spell: Animate Skeleton
   534 | D:1      | Reached XP level 2. HP: 20/20 MP: 4/4
  1134 | D:2      | Found a deep blue altar of Sif Muna.
  1144 | D:2      | Reached skill level 1 in Fighting
  1144 | D:2      | Reached XP level 3. HP: 22/26 MP: 2/6
  1196 | D:2      | Learned a level 3 spell: Vampiric Draining
  1196 | D:2      | Found a bloodstained altar of Trog.
  1622 | D:2      | Reached skill level 1 in Armour
  1879 | D:2      | Reached skill level 1 in Short Blades
  1899 | D:2      | Quit the game

Action                   || total
-------------------------++-------
Melee: Dagger            ||     5
Throw: Javelin           ||    19
 Cast: Pain              ||    47
       Animate Skeleton  ||     3
  Use: Scroll            ||     7
       Potion            ||     1
  Eat: Corpse            ||    13

Vault maps used:
D:1:      eino_arrival_druids_welcome, due_unseen_surprise
D:2:      lemuel_crystal_altar, lemuel_doored_altar, moated_statue, uniq_jessica
